[Event "FIDE WYCC Girls U18 2023"]
[Site "Montesilvano"]
[Date "2023.11.15"]
[Round "3.34"]
[White "Gonzalez Romo, Greshya Jocelyn"]
[Black "Belattar, Ines"]
[Result "1-0"]
[ECO "C02"]
[WhiteElo "1494"]
[BlackElo "1623"]
[Annotator "NA"]
[PlyCount "121"]
[EventDate "2023.11.13"]
[EventType "swiss"]
[EventCountry "ITA"]
[SourceTitle "playchess.com"]
[Source "ChessBase"]
[SourceQuality "1"]
[TimeControl "40/5400+30:1800+30"]

1. e4 e6 2. d4 d5 3. e5 c5 4. c3 Nc6 5. Nf3 Qb6 6. a3 Nh6 7. b4 cxd4 8. cxd4 Nf5 9. Be3 Bd7 10. Be2 Rc8 11. O-O Be7 12. Qd3 O-O 13. Nbd2 Rc7 14. Nb3 Rfc8 15. Nc5 a5 16. Na4 Qa7 17. b5 Ncxd4 18. Bxd4 Nxd4 19. Qxd4 Qxd4 20. Nxd4 Bc5 21. Nb3 b6 22. Rfc1 f6 23. exf6 gxf6 24. Nbxc5 bxc5 25. Nb6 Rd8 26. Nxd7 Rdxd7 27. b6 Rc8 28. Ba6 Rb8 29. Rab1 c4 30. Kf1 Rd6 31. a4 Rdxb6 32. Rxb6 Rxb6 33. Bb5 Kf7 34. Ke2 e5 35. Ke3 d4+ 36. Ke4 c3 37. f4 Rd6 38. fxe5 fxe5 39. Kxe5 Ke7 40. Ke4 Ke6 41. Re1 Kf7 42. Kd3 Kf6 43. Re2 Rd8 44. Bc4 Kf5 45. Bb3 Rd6 46. Bc2 Kf6 47. Re4 Rd5 48. Rxd4 Rh5 49. h3 Rg5 50. Rg4 Rc5 51. Kd4 Rc7 52. Rg3 h6 53. Rg6+ Kf7 54. Rxh6 Rc8 55. Ra6 Rd8+ 56. Kxc3 Rc8+ 57. Kd2 Rc5 58. Bd3 Rd5 59. Ke3 Rc5 60. g4 Kg7 61. h4 1-0

[Event "FIDE WYCC Girls U18 2023"]
[Site "Montesilvano"]
[Date "2023.11.15"]
[Round "3.35"]
[White "Ajradinoska, Indzi"]
[Black "Chavez Echeverria, Ana Karen"]
[Result "1/2-1/2"]
[ECO "D02"]
[WhiteElo "1594"]
[BlackElo "1230"]
[Annotator "NA"]
[PlyCount "123"]
[EventDate "2023.11.13"]
[EventType "swiss"]
[EventCountry "ITA"]
[SourceTitle "playchess.com"]
[Source "ChessBase"]
[SourceQuality "1"]
[TimeControl "40/5400+30:1800+30"]

1. d4 d5 2. Nf3 Bf5 3. e3 Nf6 4. Be2 e6 5. c3 c5 6. O-O Nc6 7. Nbd2 Rc8 8. h3 Ne4 9. Ne5 Nxe5 10. dxe5 a6 11. c4 Be7 12. Nxe4 Bxe4 13. f3 Bf5 14. Qb3 Qd7 15. Rd1 d4 16. Kh1 O-O 17. exd4 cxd4 18. Be3 Bc5 19. Rd2 f6 20. Bf4 Qc7 21. Re1 fxe5 22. Bh2 Bd6 23. Bf1 e4 24. Bxd6 Qxd6 25. fxe4 Bxe4 26. Qe3 dxe3 27. Rxd6 Rf6 28. Kh2 Rcf8 29. Rxe3 Bb1 30. Be2 Bxa2 31. Rb6 R8f7 32. Bd3 e5 33. Rb4 Re7 34. b3 Rf2 35. Be4 a5 36. Ra4 b6 37. Ra3 Rb2 38. Rd3 g6 39. Bd5+ Kg7 40. Re3 Kf6 41. h4 Bb1 42. c5 Rd7 43. Rf3+ Ke7 44. Rf7+ Kd8 45. Rxd7+ Kxd7 46. cxb6 Ra2 47. Ra4 Rxa4 48. bxa4 Bc2 49. Kg3 Bxa4 50. Kf2 Bb5 51. Ke3 Kc8 52. Ke4 Ba6 53. Kxe5 Bb7 54. Be6+ Kb8 55. g3 a4 56. Kf6 Bc8 57. Bd5 a3 58. Kg7 Bb7 59. Be6 Be4 60. Kxh7 Kb7 61. Kh6 Kxb6 62. h5 1/2-1/2

[Event "FIDE WYCC Girls U18 2023"]
[Site "Montesilvano"]
[Date "2023.11.16"]
[Round "4.1"]
[White "Luong, Hoang Tu Linh"]
[Black "Balabayeva, Xeniya"]
[Result "0-1"]
[ECO "D35"]
[WhiteElo "1887"]
[BlackElo "2192"]
[Annotator "RC"]
[PlyCount "68"]
[EventDate "2023.11.13"]
[EventType "swiss"]
[EventCountry "ITA"]
[SourceTitle "playchess.com"]
[Source "ChessBase"]
[SourceQuality "1"]
[TimeControl "40/5400+30:1800+30"]

1. d4 d5 2. c4 e6 3. Nc3 Nf6 4. cxd5 exd5 5. Bg5 Be7 6. Qc2 c6 7. e3 O-O 8. Bd3 Nbd7 9. Nf3 Re8 10. h3 Ne4 11. Bf4 Ndf6 12. Ne5 Nxc3 13. bxc3 Bd6 14. O-O Qc7 15. c4 dxc4 16. Bxc4 Be6 17. Bxe6 Rxe6 18. Nd3 Bxf4 19. Nxf4 Re7 20. Rfc1 Rd8 21. a4 Nd5 22. Nd3 a5 23. Rab1 Rd6 24. Qc5 b6 25. Qc4 h5 26. Rb2 Ree6 27. Re2 Qe7 28. Rce1 Qh4 29. Ne5 Rxe5 30. e4 Nf4 31. dxe5 Rg6 32. f3 Nxh3+ 33. Kf1 Nf4 34. Rd2 Qh1+ 0-1

[Event "FIDE WYCC Girls U18 2023"]
[Site "Montesilvano"]
[Date "2023.11.16"]
[Round "4.2"]
[White "Allahverdiyeva, Ayan"]
[Black "Matute Escobar, Roxanny"]
[Result "1-0"]
[ECO "B38"]
[WhiteElo "2152"]
[BlackElo "1995"]
[Annotator "RC"]
[PlyCount "57"]
[EventDate "2023.11.13"]
[EventType "swiss"]
[EventCountry "ITA"]
[SourceTitle "playchess.com"]
[Source "ChessBase"]
[SourceQuality "1"]
[TimeControl "40/5400+30:1800+30"]

1. e4 c5 2. Nf3 g6 3. d4 cxd4 4. Nxd4 Bg7 5. c4 Nc6 6. Be3 Nf6 7. f3 d6 8. Be2 O-O 9. Qd2 Bd7 10. O-O Nxd4 11. Bxd4 Bc6 12. b4 b6 13. Nc3 e6 14. Rac1 Qe7 15. Rfe1 Nh5 16. Be3 f5 17. exf5 gxf5 18. Bg5 Bf6 19. Bh6 Bg7 20. c5 bxc5 21. Bc4 Be5 22. bxc5 f4 23. Bxf8 Kxf8 24. cxd6 Bxd6 25. Bxe6 Bc5+ 26. Kh1 Qh4 27. Ne4 Rd8 28. Qc3 Bd4 29. Qxc6 1-0

[Event "FIDE WYCC Girls U18 2023"]
[Site "Montesilvano"]
[Date "2023.11.16"]
[Round "4.3"]
[White "Abrisqueta Zudaire, Leyre"]
[Black "Wikar, Martyna"]
[Result "0-1"]
[ECO "E10"]
[WhiteElo "2137"]
[BlackElo "2228"]
[Annotator "RC"]
[PlyCount "100"]
[EventDate "2023.11.13"]
[EventType "swiss"]
[EventCountry "ITA"]
[SourceTitle "playchess.com"]
[Source "ChessBase"]
[SourceQuality "1"]
[TimeControl "40/5400+30:1800+30"]

1. d4 Nf6 2. c4 e6 3. Nf3 a6 4. g3 b5 5. Qc2 Bb7 6. Nbd2 c5 7. cxb5 cxd4 8. Bg2 axb5 9. O-O Nc6 10. Nb3 Qb6 11. Rd1 e5 12. Qf5 d6 13. e3 Ne7 14. Qd3 Be4 15. Qf1 Bd5 16. Bd2 Qb7 17. Ne1 dxe3 18. Bxe3 Bxg2 19. Nxg2 Ned5 20. Bg5 h6 21. Bxf6 Nxf6 22. Nh4 g6 23. Qe2 Be7 24. Qd2 Kf8 25. Qb4 Ra4 26. Qc3 Kg7 27. Rdc1 Rha8 28. a3 Qd5 29. Ng2 Rc4 30. Qe3 Rac8 31. Rd1 Qe6 32. Ne1 d5 33. Nd2 R4c7 34. Nd3 Bd6 35. Qb6 e4 36. Ne1 Qd7 37. Nb3 Rb7 38. Qe3 Qh3 39. f3 Re7 40. Qf2 Bb8 41. Nd4 Ba7 42. Qg2 Qd7 43. Kh1 Rc4 44. Nec2 h5 45. b3 Rc3 46. Qd2 Qc8 47. Rac1 Rec7 48. Nxb5 Rxc2 49. Rxc2 Rxc2 50. Nxa7 Rxd2 0-1

[Event "FIDE WYCC Girls U18 2023"]
[Site "Montesilvano"]
[Date "2023.11.16"]
[Round "4.4"]
[White "Nguyen Hong Nhung"]
[Black "Kurmangaliyeva, Liya"]
[Result "1-0"]
[ECO "B24"]
[WhiteElo "1975"]
[BlackElo "2236"]
[Annotator "RC"]
[PlyCount "153"]
[EventDate "2023.11.13"]
[EventType "swiss"]
[EventCountry "ITA"]
[SourceTitle "playchess.com"]
[Source "ChessBase"]
[SourceQuality "1"]
[TimeControl "40/5400+30:1800+30"]

1. e4 c5 2. Nc3 Nc6 3. Bb5 Nd4 4. Nf3 a6 5. Bd3 e6 6. O-O Nc6 7. Be2 Nd4 8. Bd3 Nc6 9. Be2 Be7 10. d4 cxd4 11. Nxd4 d6 12. Nxc6 bxc6 13. Qd3 Nf6 14. Rd1 O-O 15. Qg3 Qc7 16. Bg5 Rd8 17. Rd3 e5 18. Rad1 Be6 19. Bxf6 Bxf6 20. Bg4 Bc4 21. Rf3 Qe7 22. b3 Be6 23. Bxe6 fxe6 24. Rfd3 d5 25. Qg4 Rf8 26. Na4 Rab8 27. Rc3 Rfc8 28. a3 a5 29. h3 Qe8 30. Nc5 Kf7 31. Qh5+ Kg8 32. Qg4 Kf7 33. Rdd3 Qe7 34. Qh5+ Kg8 35. Qg4 Re8 36. Rf3 Rb5 37. Na4 c5 38. Nxc5 d4 39. Rc4 Rxc5 40. Rxc5 Qxc5 41. Rxf6 Qxc2 42. Rxe6 Rf8 43. Rxe5 Qxf2+ 44. Kh2 d3 45. Rd5 Qf4+ 46. Qxf4 Rxf4 47. Rxd3 Rxe4 48. Kg3 Re2 49. Kf3 Ra2 50. a4 Rb2 51. g4 Kf7 52. Ke4 Rc2 53. Kd4 Rc7 54. Rc3 Rb7 55. Kd5 Ke7 56. g5 Kf7 57. h4 Kg6 58. Rc6+ Kh5 59. Kc4 Kxh4 60. g6 hxg6 61. Rxg6 Kh5 62. Ra6 Rc7+ 63. Kd4 g5 64. Rxa5 Kg4 65. b4 Kf4 66. b5 g4 67. b6 Rc8 68. Rb5 g3 69. Rb1 g2 70. a5 Rc2 71. Rg1 Rb2 72. Kc5 Ke5 73. Re1+ Kf6 74. a6 Re2 75. Rg1 Ke6 76. a7 Rc2+ 77. Kb5 1-0

[Event "FIDE WYCC Girls U18 2023"]
[Site "Montesilvano"]
[Date "2023.11.16"]
[Round "4.5"]
[White "Starosta, Martyna"]
[Black "Blanquet, Camille"]
[Result "1/2-1/2"]
[ECO "B11"]
[WhiteElo "2208"]
[BlackElo "1953"]
[Annotator "RC"]
[PlyCount "91"]
[EventDate "2023.11.13"]
[EventType "swiss"]
[EventCountry "ITA"]
[SourceTitle "playchess.com"]
[Source "ChessBase"]
[SourceQuality "1"]
[TimeControl "40/5400+30:1800+30"]

1. e4 c6 2. Nc3 d5 3. Nf3 Bg4 4. h3 Bxf3 5. Qxf3 e6 6. Be2 Nd7 7. O-O dxe4 8. Nxe4 Ngf6 9. d4 Nxe4 10. Qxe4 Bd6 11. Bd3 Nf6 12. Qh4 Bc7 13. g3 Qd7 14. Bg5 O-O-O 15. Bxf6 gxf6 16. Qxf6 Qxd4 17. Qxd4 Rxd4 18. Rfe1 Rg8 19. Bxh7 Rh8 20. Bd3 Rxh3 21. Kg2 Rh8 22. Rh1 Rdd8 23. Rae1 Rxh1 24. Rxh1 Be5 25. Rh7 Rd7 26. b3 Kd8 27. f4 Bc3 28. g4 Ke7 29. Kf3 Kd6 30. g5 Re7 31. Ke3 b5 32. Be2 b4 33. Bh5 f6 34. Bf7 fxg5 35. fxg5 Ke5 36. g6 Kf5 37. Rh5+ Kf6 38. Rh8 c5 39. Re8 Rxe8 40. Bxe8 Bd4+ 41. Kf4 e5+ 42. Ke4 Bc3 43. Ke3 Bd4+ 44. Ke4 Bc3 45. Kd5 Bd4 46. Ke4 1/2-1/2

[Event "FIDE WYCC Girls U18 2023"]
[Site "Montesilvano"]
[Date "2023.11.16"]
[Round "4.6"]
[White "Wan, Qian"]
[Black "Zhurova, Anna"]
[Result "0-1"]
[ECO "A40"]
[WhiteElo "1945"]
[BlackElo "2149"]
[Annotator "RC"]
[PlyCount "130"]
[EventDate "2023.11.13"]
[EventType "swiss"]
[EventCountry "ITA"]
[SourceTitle "playchess.com"]
[Source "ChessBase"]
[SourceQuality "1"]
[TimeControl "40/5400+30:1800+30"]

1. d4 e6 2. Nf3 c5 3. c3 Nf6 4. Bf4 Nc6 5. e3 Nh5 6. Bg5 Qb6 7. b3 h6 8. Bh4 g5 9. Nfd2 Nf6 10. Nc4 Qd8 11. Bg3 d5 12. Ne5 cxd4 13. Nxc6 bxc6 14. Qxd4 Rg8 15. Nd2 Bd7 16. Be5 Be7 17. Be2 c5 18. Qd3 Bc6 19. O-O Kf8 20. c4 Nd7 21. Bc3 Bf6 22. cxd5 exd5 23. Rac1 a6 24. a4 g4 25. Qh7 Ke7 26. Qxh6 Rg6 27. Bxf6+ Rxf6 28. Qg5 Qh8 29. e4 Rg8 30. Qe3 d4 31. Qg3 Qh6 32. Nc4 Bxe4 33. Bd3 Bxd3 34. Rce1+ Kf8 35. Qxd3 Rh8 36. Qg3 Qh4 37. Qxh4 Rxh4 38. g3 Rh5 39. Kg2 Rf3 40. h3 Rxb3 41. hxg4 Rg5 42. Nd6 Nf6 43. Rb1 Rxb1 44. Rxb1 Nxg4 45. Kf3 Rg6 46. Nf5 Ke8 47. Rc1 Ne5+ 48. Ke4 Nd7 49. Kd5 Rg5 50. Ke4 Rg4+ 51. f4 Kd8 52. Nd6 Kc7 53. Nxf7 Rxg3 54. Ne5 Nxe5 55. Kxe5 Kc6 56. f5 Re3+ 57. Kf4 Kd5 58. f6 Re8 59. Kf5 d3 60. f7 Rf8 61. Kf6 c4 62. Re1 c3 63. Re8 Rxf7+ 64. Kxf7 c2 65. Rc8 d2 0-1

[Event "FIDE WYCC Girls U18 2023"]
[Site "Montesilvano"]
[Date "2023.11.16"]
[Round "4.7"]
[White "Sipos, Stefania"]
[Black "Cornileau, Juliette"]
[Result "1/2-1/2"]
[ECO "B62"]
[WhiteElo "1932"]
[BlackElo "2089"]
[Annotator "NA RC"]
[PlyCount "82"]
[EventDate "2023.11.13"]
[EventType "swiss"]
[EventCountry "ITA"]
[SourceTitle "playchess.com"]
[Source "ChessBase"]
[SourceQuality "1"]
[TimeControl "40/5400+30:1800+30"]

1. e4 c5 2. Nf3 Nc6 3. Nc3 d6 4. d4 cxd4 5. Nxd4 Nf6 6. Bg5 e6 7. Qd3 Bd7 8. Ndb5 Nb4 9. Qd1 a6 10. Bxf6 gxf6 11. a3 Nxc2+ 12. Qxc2 axb5 13. Bxb5 Bxb5 14. Nxb5 Qa5+ 15. Nc3 Qa6 16. Ne2 Bh6 17. O-O O-O 18. Ng3 Qb5 19. Rab1 Rac8 20. Qd1 Qe5 21. f4 Qc5+ 22. Kh1 Kh8 23. Nh5 Bg7 24. Nxg7 Kxg7 25. Qg4+ Kh8 26. Qh4 Rg8 27. Qxf6+ Rg7 28. Rg1 Kg8 29. Rbd1 Rg6 30. Qh4 Qc2 31. f5 exf5 32. exf5 Qxf5 33. Rdf1 Qe5 34. Rf2 Qg5 35. Qxg5 Rxg5 36. Rgf1 Rc7 37. h3 Rgc5 38. Kh2 Rc2 39. Rxc2 Rxc2 40. Rd1 Rxb2 41. Rxd6 Rb3 1/2-1/2

[Event "FIDE WYCC Girls U18 2023"]
[Site "Montesilvano"]
[Date "2023.11.16"]
[Round "4.8"]
[White "Naymanova, Patricie"]
[Black "Wisniowski, Natalie"]
[Result "1-0"]
[ECO "D45"]
[WhiteElo "2083"]
[BlackElo "1901"]
[Annotator "RC"]
[PlyCount "129"]
[EventDate "2023.11.13"]
[EventType "swiss"]
[EventCountry "ITA"]
[SourceTitle "playchess.com"]
[Source "ChessBase"]
[SourceQuality "1"]
[TimeControl "40/5400+30:1800+30"]

1. d4 d5 2. c4 c6 3. Nc3 Nf6 4. Nf3 e6 5. e3 Nbd7 6. b3 Bd6 7. Bb2 O-O 8. Bd3 b6 9. O-O Bb7 10. Re1 Qe7 11. Nd2 Rfe8 12. Rc1 Rac8 13. f3 Qf8 14. Bb1 c5 15. Nb5 Bb8 16. dxc5 bxc5 17. Nf1 a6 18. Nc3 Nb6 19. Ne2 Red8 20. Qc2 Nbd7 21. Neg3 Qe7 22. Rcd1 Nf8 23. Kh1 Ng6 24. Bc3 Bc7 25. Qb2 Rb8 26. Qc2 Bc6 27. cxd5 Nxd5 28. Bd2 Rbc8 29. Ne4 Bb6 30. a4 a5 31. Bc1 Bb7 32. Nfd2 Ba6 33. Nc4 Bc7 34. Ba3 Nb4 35. Qf2 Ne5 36. Nxe5 Bxe5 37. f4 Bb8 38. Qg3 Kh8 39. Bb2 f6 40. Qh4 Rxd1 41. Rxd1 Rd8 42. Rxd8+ Qxd8 43. Nd6 Kg8 44. Qxh7+ Kf8 45. Qh8+ Ke7 46. Qxd8+ Kxd8 47. Nc4 Bc7 48. Kg1 Kd7 49. Kf2 Ke7 50. g4 Kf7 51. h4 Bxc4 52. bxc4 Bd6 53. Kf3 Bc7 54. h5 Bd8 55. Bc3 Ke8 56. e4 Kf7 57. e5 fxe5 58. Bxe5 Bb6 59. Be4 Na6 60. g5 Bc7 61. Bc3 Bd8 62. Bg6+ Kg8 63. h6 Be7 64. Bxg7 Nb4 65. Be5 1-0

[Event "FIDE WYCC Girls U18 2023"]
[Site "Montesilvano"]
[Date "2023.11.16"]
[Round "4.9"]
[White "Voriskova, Anna"]
[Black "Katter, Katharina"]
[Result "1-0"]
[ECO "B90"]
[WhiteElo "2065"]
[BlackElo "1887"]
[Annotator "NA RC"]
[PlyCount "69"]
[EventDate "2023.11.13"]
[EventType "swiss"]
[EventCountry "ITA"]
[SourceTitle "playchess.com"]
[Source "ChessBase"]
[SourceQuality "1"]
[TimeControl "40/5400+30:1800+30"]

1. e4 c5 2. Nf3 d6 3. d4 cxd4 4. Nxd4 Nf6 5. Nc3 a6 6. Be3 e5 7. Nf3 Be7 8. Bc4 O-O 9. O-O Be6 10. Bb3 b5 11. Nd5 Nbd7 12. a4 Rc8 13. axb5 axb5 14. Ra7 Bxd5 15. Bxd5 Nxd5 16. Qxd5 Nc5 17. c3 Bf6 18. Rfa1 Qe8 19. g3 Na4 20. Qxd6 Rd8 21. Qa6 Rc8 22. Rb1 h6 23. Kg2 Ra8 24. Rxa8 Qxa8 25. Qxb5 Rb8 26. Qc4 Nxb2 27. Qd5 Qa3 28. Nxe5 Bxe5 29. Qxe5 Rb3 30. Qe8+ Kh7 31. Qxf7 Qa6 32. Bd4 Rb7 33. Qf5+ Kg8 34. Qc8+ Kh7 35. Rxb2 1-0

[Event "FIDE WYCC Girls U18 2023"]
[Site "Montesilvano"]
[Date "2023.11.16"]
[Round "4.10"]
[White "Nguyen, Thien Ngan"]
[Black "Liu, Kelsey"]
[Result "1/2-1/2"]
[ECO "B44"]
[WhiteElo "1891"]
[BlackElo "2051"]
[Annotator "NA RC"]
[PlyCount "80"]
[EventDate "2023.11.13"]
[EventType "swiss"]
[EventCountry "ITA"]
[SourceTitle "playchess.com"]
[Source "ChessBase"]
[SourceQuality "1"]
[TimeControl "40/5400+30:1800+30"]

1. e4 c5 2. Nf3 e6 3. d4 cxd4 4. Nxd4 Nc6 5. c4 Nf6 6. Nc3 Bb4 7. Nxc6 bxc6 8. Bd3 e5 9. O-O h6 10. Na4 O-O 11. a3 Be7 12. Qe2 d6 13. h3 Bb7 14. b4 Re8 15. Be3 Nd7 16. Rfd1 Nf8 17. c5 Ne6 18. cxd6 Bxd6 19. Ba6 Bxa6 20. Qxa6 Nd4 21. Rac1 Re6 22. Qc4 Rg6 23. Bxd4 Qg5 24. g3 exd4 25. Qd3 a5 26. Nb6 Rb8 27. bxa5 Qxa5 28. Nc4 Qh5 29. Nxd6 Rxd6 30. Kg2 c5 31. Rd2 Rdb6 32. Qe2 Qe5 33. Rdc2 Rc6 34. Qd3 Re8 35. Rc4 Ree6 36. a4 Qc7 37. Qc2 Qe5 38. Qd3 Qc7 39. Qc2 Qe5 40. Qd3 Qc7 1/2-1/2

[Event "FIDE WYCC Girls U18 2023"]
[Site "Montesilvano"]
[Date "2023.11.16"]
[Round "4.11"]
[White "Petricenco, Ana"]
[Black "Sevcikova, Lucia"]
[Result "1-0"]
[ECO "C00"]
[WhiteElo "1902"]
[BlackElo "2047"]
[Annotator "NA RC"]
[PlyCount "107"]
[EventDate "2023.11.13"]
[EventType "swiss"]
[EventCountry "ITA"]
[SourceTitle "playchess.com"]
[Source "ChessBase"]
[SourceQuality "1"]
[TimeControl "40/5400+30:1800+30"]

1. e4 e6 2. d3 d5 3. Qe2 Nf6 4. Nf3 Be7 5. g3 c5 6. Bg2 Nc6 7. O-O O-O 8. e5 Nd7 9. c4 d4 10. Re1 Qc7 11. Bf4 a6 12. h4 b5 13. b3 Bb7 14. Nbd2 Rfe8 15. Nh2 Nf8 16. h5 h6 17. Ng4 Nh7 18. Ne4 Qd8 19. Nh2 Rc8 20. g4 Na5 21. Nf3 Bxe4 22. Qxe4 Ng5 23. Nxg5 Bxg5 24. Bg3 Bh4 25. Bf4 Bg5 26. Bh2 bxc4 27. bxc4 Rb8 28. f4 Bh4 29. Reb1 Rb6 30. f5 Bg5 31. fxe6 Be3+ 32. Kh1 Rexe6 33. Rf1 Nc6 34. Qf5 Qe8 35. Bd5 Ne7 36. Qf3 Nxd5 37. cxd5 Re7 38. d6 Rd7 39. Qd5 Rb2 40. Rab1 Rc2 41. Rb7 c4 42. Qc6 Rxh2+ 43. Kxh2 Qxe5+ 44. Kh3 Rxb7 45. Qxb7 Qxd6 46. Qxf7+ Kh7 47. Qf5+ Kg8 48. Qc8+ Kh7 49. Rf8 Qxf8 50. Qxf8 c3 51. Qc5 Bd2 52. Kg3 Be1+ 53. Kf3 Bd2 54. Ke2 1-0

[Event "FIDE WYCC Girls U18 2023"]
[Site "Montesilvano"]
[Date "2023.11.16"]
[Round "4.12"]
[White "Striskova, Lucia"]
[Black "Gasimova, Samra"]
[Result "1/2-1/2"]
[ECO "C10"]
[WhiteElo "2039"]
[BlackElo "1860"]
[Annotator "NA RC"]
[PlyCount "49"]
[EventDate "2023.11.13"]
[EventType "swiss"]
[EventCountry "ITA"]
[SourceTitle "playchess.com"]
[Source "ChessBase"]
[SourceQuality "1"]
[TimeControl "40/5400+30:1800+30"]

1. e4 e6 2. d4 d5 3. Nc3 Be7 4. Nf3 Nf6 5. Bd3 c5 6. dxc5 dxe4 7. Bb5+ Bd7 8. Ng5 O-O 9. Bxd7 Nbxd7 10. c6 bxc6 11. Ngxe4 Nc5 12. Qxd8 Rfxd8 13. Nxf6+ Bxf6 14. Bd2 Bxc3 15. Bxc3 Na4 16. Ke2 Nxc3+ 17. bxc3 Kf8 18. Rab1 Rab8 19. Rhd1 Ke7 20. Rxd8 Rxd8 21. Rb7+ Rd7 22. Rb8 Rd8 23. Rb7+ Rd7 24. Rb8 Rd8 25. Rb7+ 1/2-1/2

[Event "FIDE WYCC Girls U18 2023"]
[Site "Montesilvano"]
[Date "2023.11.16"]
[Round "4.13"]
[White "Lindstad, Livia"]
[Black "Trifoi, Mihaela-Ioana"]
[Result "0-1"]
[ECO "B12"]
[WhiteElo "1848"]
[BlackElo "2021"]
[Annotator "NA RC"]
[PlyCount "93"]
[EventDate "2023.11.13"]
[EventType "swiss"]
[EventCountry "ITA"]
[SourceTitle "playchess.com"]
[Source "ChessBase"]
[SourceQuality "1"]
[TimeControl "40/5400+30:1800+30"]

1. e4 c6 2. d4 d5 3. f3 e6 4. Nc3 Bb4 5. Bf4 Bd7 6. Qd3 Ne7 7. a3 Ba5 8. Nge2 Bc7 9. e5 Ng6 10. Bg3 c5 11. h4 cxd4 12. Nb5 Bxe5 13. f4 Qa5+ 14. b4 Qxb5 15. Qxb5 Bxb5 16. fxe5 Nc6 17. Nc1 Bxf1 18. Rxf1 h5 19. Nd3 a6 20. O-O-O b5 21. Rf3 a5 22. Rdf1 O-O 23. Kb2 axb4 24. axb4 Ra4 25. Kb3 Rfa8 26. Kb2 R8a7 27. Kc1 Nxb4 28. Kd2 Rc7 29. Rc1 Na2 30. Rb1 Nc3 31. Rb2 Ra1 32. Nf2 Rg1 33. Rb3 Rxg2 34. Kd3 Rc4 35. Nh3 Rxg3 36. Rxg3 Nxe5+ 37. Kd2 Ne4+ 38. Kd1 Nxg3 39. Rxg3 Ng4 40. Nf4 g6 41. Kc1 Kf8 42. Nd3 Ne3 43. Ne5 Rxc2+ 44. Kb1 Rg2 45. Rf3 Nf5 46. Rf4 Re2 47. Re4 0-1

[Event "FIDE WYCC Girls U18 2023"]
[Site "Montesilvano"]
[Date "2023.11.16"]
[Round "4.14"]
[White "Margadgua Erdenebayar"]
[Black "Shohradova, Lala"]
[Result "1/2-1/2"]
[ECO "C07"]
[WhiteElo "2013"]
[BlackElo "1846"]
[Annotator "NA RC"]
[PlyCount "90"]
[EventDate "2023.11.13"]
[EventType "swiss"]
[EventCountry "ITA"]
[SourceTitle "playchess.com"]
[Source "ChessBase"]
[SourceQuality "1"]
[TimeControl "40/5400+30:1800+30"]

1. e4 e6 2. d4 d5 3. Nd2 c5 4. exd5 Qxd5 5. Ngf3 cxd4 6. Bc4 Qd6 7. O-O Nf6 8. Nb3 Nc6 9. Qe2 Qc7 10. Rd1 Bd6 11. h3 O-O 12. Nbxd4 a6 13. c3 Nxd4 14. Rxd4 b5 15. Bd3 Bb7 16. Rh4 g6 17. Bg5 Be7 18. a4 Rfd8 19. Ne5 Rd5 20. Re1 Rf8 21. axb5 axb5 22. Bxb5 Nh5 23. Bxe7 Qxe7 24. Rb4 Rfd8 25. Ng4 Ba8 26. Qe3 Ng7 27. Nh6+ Kf8 28. Ng4 Nf5 29. Qf4 Kg7 30. Ne3 Rc5 31. Nxf5+ Rxf5 32. Qe3 Rb8 33. Bd3 Rxb4 34. cxb4 Rg5 35. Be4 Bxe4 36. Qxe4 Rb5 37. Qd4+ e5 38. Qd3 Qxb4 39. Re2 Rc5 40. Qe3 f6 41. g3 Rd5 42. Qa7+ Kh6 43. Qe3+ Kg7 44. Qa7+ Kh6 45. Qe3+ Kg7 1/2-1/2

[Event "FIDE WYCC Girls U18 2023"]
[Site "Montesilvano"]
[Date "2023.11.16"]
[Round "4.15"]
[White "Bhagyashree Patil"]
[Black "Dakic, Marta"]
[Result "1-0"]
[ECO "C50"]
[WhiteElo "1830"]
[BlackElo "2013"]
[Annotator "NA RC"]
[PlyCount "73"]
[EventDate "2023.11.13"]
[EventType "swiss"]
[EventCountry "ITA"]
[SourceTitle "playchess.com"]
[Source "ChessBase"]
[SourceQuality "1"]
[TimeControl "40/5400+30:1800+30"]

1. e4 e5 2. Nf3 Nc6 3. Bc4 Nf6 4. d3 Bc5 5. c3 d6 6. Nbd2 a5 7. a4 O-O 8. O-O Ba7 9. h3 Be6 10. Re1 Bxc4 11. Nxc4 h6 12. Ne3 Ne7 13. Nh4 Kh7 14. Nef5 Ng6 15. Nf3 Qd7 16. d4 Rfe8 17. Qd3 Rad8 18. Ng3 d5 19. exd5 exd4 20. Rxe8 Rxe8 21. c4 c6 22. dxc6 Qxc6 23. Bd2 Kg8 24. Nxd4 Qd7 25. Be3 Nf4 26. Qf5 Qxf5 27. Ngxf5 Nd3 28. b3 Nc5 29. Rb1 Nfe4 30. Nb5 Bb8 31. g4 b6 32. Rd1 Kf8 33. Rd5 Nxb3 34. Bxb6 Rc8 35. Rd7 Nbc5 36. Rd4 Ng5 37. Bxc5+ 1-0

[Event "FIDE WYCC Girls U18 2023"]
[Site "Montesilvano"]
[Date "2023.11.16"]
[Round "4.16"]
[White "Sovetbekova, Nurai"]
[Black "Sosovickova, Jana"]
[Result "1-0"]
[ECO "D37"]
[WhiteElo "1801"]
[BlackElo "2013"]
[Annotator "NA RC"]
[PlyCount "111"]
[EventDate "2023.11.13"]
[EventType "swiss"]
[EventCountry "ITA"]
[SourceTitle "playchess.com"]
[Source "ChessBase"]
[SourceQuality "1"]
[TimeControl "40/5400+30:1800+30"]

1. d4 d5 2. Nf3 Nf6 3. c4 e6 4. Nc3 Be7 5. Bg5 Nbd7 6. e3 c6 7. Bd3 O-O 8. O-O Re8 9. Qc2 Nf8 10. c5 N6d7 11. Bxe7 Qxe7 12. e4 dxe4 13. Nxe4 Rd8 14. b4 Nf6 15. Nd6 Ne8 16. Nxe8 Qxe8 17. Rfe1 h6 18. Rad1 Nd7 19. Be4 Nf6 20. Ne5 Nd5 21. Bxd5 exd5 22. Re3 Be6 23. Rde1 Qe7 24. Nxf7 Qxf7 25. Rxe6 Re8 26. Rxe8+ Rxe8 27. Rxe8+ Qxe8 28. Qd2 Qe4 29. h3 Kh7 30. Kh2 a6 31. Qe3 Qb1 32. a3 Qf1 33. Kg3 Qc4 34. Kf4 Qf1 35. g4 Qb1 36. Ke5 Qg6 37. Qf3 Qe8+ 38. Kf4 g5+ 39. Kg3 Qe1 40. Kg2 Kg7 41. Qe3 Qb1 42. Qe7+ Kg6 43. Qxb7 Qe4+ 44. Kh2 Qxd4 45. Qxc6+ Kf7 46. Qd7+ Kf6 47. Qf5+ Ke7 48. Kg2 Kd8 49. Qf8+ Kd7 50. Qd6+ Ke8 51. Qe6+ Kd8 52. c6 Qe4+ 53. Qxe4 dxe4 54. a4 Kc7 55. b5 Kb6 56. Kf1 1-0

[Event "FIDE WYCC Girls U18 2023"]
[Site "Montesilvano"]
[Date "2023.11.16"]
[Round "4.17"]
[White "Largo, Franchesca"]
[Black "Skarbarchuk, Tetyana"]
[Result "1-0"]
[ECO "C02"]
[WhiteElo "1658"]
[BlackElo "2010"]
[Annotator "NA RC"]
[PlyCount "61"]
[EventDate "2023.11.13"]
[EventType "swiss"]
[EventCountry "ITA"]
[SourceTitle "playchess.com"]
[Source "ChessBase"]
[SourceQuality "1"]
[TimeControl "40/5400+30:1800+30"]

1. e4 e6 2. d4 d5 3. e5 c5 4. c3 Nc6 5. Nf3 Qb6 6. Bd3 cxd4 7. O-O Bd7 8. Nbd2 dxc3 9. bxc3 Rc8 10. Re1 h6 11. Qe2 Na5 12. Rb1 Qc7 13. Nd4 a6 14. N2f3 Ne7 15. Ba3 Nec6 16. Nxc6 Qxc6 17. Bxf8 Kxf8 18. Rec1 Qc5 19. h4 Ke7 20. Rb4 b5 21. Rg4 g6 22. Nd4 Qa3 23. Qd2 b4 24. Qf4 Kd8 25. Bxa6 Rc5 26. Rb1 Kc7 27. Qxf7 Re8 28. Nb5+ Rxb5 29. Bxb5 Nc6 30. Bxc6 Kxc6 31. Rgxb4 1-0

[Event "FIDE WYCC Girls U18 2023"]
[Site "Montesilvano"]
[Date "2023.11.16"]
[Round "4.18"]
[White "Oviedo Acosta, Paula"]
[Black "Obada, Ema"]
[Result "1-0"]
[ECO "B13"]
[WhiteElo "1639"]
[BlackElo "2023"]
[Annotator "NA RC"]
[PlyCount "75"]
[EventDate "2023.11.13"]
[EventType "swiss"]
[EventCountry "ITA"]
[SourceTitle "playchess.com"]
[Source "ChessBase"]
[SourceQuality "1"]
[TimeControl "40/5400+30:1800+30"]

1. e4 c6 2. d4 d5 3. exd5 cxd5 4. Bd3 Nc6 5. c3 Nf6 6. Bf4 Bg4 7. Qb3 Qd7 8. Nd2 e6 9. h3 Bh5 10. Ngf3 Bd6 11. Bxd6 Qxd6 12. O-O O-O 13. Rfe1 Qc7 14. Qc2 Rfc8 15. Rac1 Bg6 16. Bxg6 hxg6 17. Qd3 Nd7 18. h4 Qf4 19. g3 Qf5 20. Qe2 Rab8 21. Nf1 b5 22. Ne3 Qf6 23. Kg2 b4 24. Rh1 bxc3 25. bxc3 Qe7 26. h5 gxh5 27. Rxh5 g6 28. Rh4 Kg7 29. Re1 Nf6 30. Ne5 Nxe5 31. dxe5 Ne4 32. c4 Qa3 33. Qf3 Qe7 34. cxd5 Ng5 35. Qf4 a5 36. Ng4 Rh8 37. Nf6 Qb4 38. Ne8+ 1-0